 Dungeon Crawl Stone Soup version 0.31.0-32-g396128a36d (webtiles) character file.

Game seed: 5268915595893660806

81 spaghetti the Grave Robber (level 4, -1/36 HPs)
             Began as a Naga Necromancer on Mar 13, 2024.
             Was a Follower of Qazlal.
             Killed by divine providence
             ... invoked by an orc priest
              (13 damage)
             ... on level 3 of the Dungeon.
             The game lasted 00:02:12 (2238 turns).

spaghetti the Grave Robber (Naga Necromancer)       Turns: 2238, Time: 00:02:13

Health: -1/36      AC:  2    Str:  8 (10) XL:     4   Next: 42%
Magic:  5/7        EV:  9    Int: 15 (18) God:    Qazlal [*.....]
Gold:   152        SH:  2    Dex:  8 (11) Spells: 2/7 levels left

rFire   . . .        (no weapon)
rCold   . . .        (no shield)
rNeg    . . .        a - +0 robe
rPois   +            (no helmet)
rElec   .            (no cloak)
rCorr   .            (no gloves)
SInv    +            (no barding)
Will    +....        j - amulet of faith
Stlth   ++           (no ring)
HPRegen 0.26/turn    (no ring)
MPRegen 0.10/turn

%: faith
@: mighty, animating dead (expiring), enlightened, flying, very slow
A: AC +1, large, see invisible, deformed body, poison resistance, slowness 2,
spit poison 1, naga tail 1
a: Spit Poison, Renounce Religion


You were on level 3 of the Dungeon.
You worshipped Qazlal.
Qazlal was aware of your devotion.
You visited 1 branch of the dungeon, and saw 3 of its levels.

You collected 152 gold pieces.

Inventory:

Hand Weapons
 c - a +0 sling
Armour
 a - a +0 robe (worn)
Jewellery
 d - an amulet of reflection
 j - an amulet of faith (around neck)
Scrolls
 g - 2 scrolls of poison {unknown}
 h - a scroll of identify {unknown}
 i - a scroll of blinking {unknown}
 l - a scroll of fear {unknown}
 o - a scroll of fog {unknown}
 p - a scroll of teleportation {unknown}
Potions
 b - a potion of magic
 k - a potion of might
 n - 2 potions of curing {unknown}


   Skills:
 - Level 1.5 Dodging
 - Level 3.0 Stealth
 - Level 2.0 Spellcasting
 + Level 5.3 Necromancy
 + Level 2.0 Invocations


You had 2 spell levels left.
You knew the following spells:

 Your Spells              Type           Power      Damage    Failure   Level
a - Necrotise             Necr           68%        1d7       2%          1
b - Animate Dead          Necr           17%        N/A       24%         4

Your spell library contained the following spells:

 Spells                   Type           Power      Damage    Failure   Level
 Vampiric Draining        Necr           17%        2d7       8%          3
 Curse of Agony           Necr           17%        N/A       56%         5


Dungeon Overview and Level Annotations

Branches:
Dungeon (3/15)

Altars:
Elyvilon
Qazlal


Innate Abilities, Weirdness & Mutations

Your serpentine skin is tough. (AC +1)
You have supernaturally acute eyesight. (SInv)
Armour fits poorly on your strangely shaped body.
Your system is resistant to poisons. (rPois)
You cover ground very slowly.
You can spit poison.
You have a snake-like lower body.


Message History

The orc is lightly wounded.
The orc barely misses you.
The orc priest calls down the wrath of Beogh upon you.
Beogh smites you!
* * * LOW HITPOINT WARNING * * *
The orc hits you with a +0 club.
* * * LOW HITPOINT WARNING * * *
It was a potion of heal wounds.
You feel much better.
You have got your breath back.
The orc barely misses you.
It was a potion of might.
You feel very mighty all of a sudden. The orc hits you with a +0 club.
It was a potion of enlightenment.
You feel very buoyant.
You fly up into the air.
The orc hits you with a +0 club.
You are now empty-handed.
You barely miss the orc.
The orc is lightly wounded.
The orc hits you with a +0 club.
The orc priest begins to cast a cantrip, but forgets the words!
You hit the orc.
The orc is heavily wounded.
The orc barely misses you.
You closely miss the orc.
The orc is heavily wounded.
The orc closely misses you.
The orc priest looks satisfied for a moment.
You hit the orc.
You kill the orc!
Qazlal accepts your kill.
You hit the orc priest but do no damage.
The orc priest is lightly wounded.
The orc priest hits you with a +0 mace.
You hit the orc priest.
The orc priest is moderately wounded.
Your reaping aura is weakening.
The orc priest mumbles some strange prayers to Beogh against you.
Beogh smites you!
You die...

.. .. .. #. #o #.
#.####.#####
.......o@..#
#.##..###..# #.
###..########### #.
#.........<..#..
#..#.#..#######.#.####
#..#.#..# #......#
#.......# #.##.#
####.#### #.....
#.####### #.....


You could see an orc priest.

Vanquished Creatures
  A bombardier beetle (D:2)
  2 dart slugs (D:2)
  A ribbon worm (D:2)
  2 orcs (D:3)
  3 ball pythons
  2 endoplasms (D:1)
  2 giant cockroaches
  A goblin (D:1)
  8 hobgoblins
  3 jackals (D:1)
  3 kobolds
  2 quokkas
  5 bats
  3 frilled lizards (D:1)
  A hobgoblin zombie (D:3)
  3 rats (D:1)
42 creatures vanquished.

Notes
Turn   | Place    | Note
-------+----------+-------------------------------------------
     0 | D:1      | spaghetti the Naga Necromancer began the quest for the Orb.
     0 | D:1      | Reached XP level 1. HP: 15/15 MP: 3/3
   160 | D:1      | Reached XP level 2. HP: 22/22 MP: 5/5
   436 | D:1      | Found a faded altar of an unknown god.
   455 | D:1      | Prayed at the altar of an unknown god.
   455 | D:1      | Became a worshipper of Qazlal Stormbringer
   455 | D:1      | Reached * piety under Qazlal
   606 | D:1      | Reached XP level 3. HP: 28/28 MP: 6/6
  1091 | D:2      | Reached skill level 5 in Necromancy
  1361 | D:2      | Reached skill level 1 in Invocations
  1361 | D:2      | Reached XP level 4. HP: 36/36 MP: 7/7
  1967 | D:3      | Learned a level 4 spell: Animate Dead
  1967 | D:3      | Found a white marble altar of Elyvilon.
  2238 | D:3      | Killed from afar by an orc priest

Illustrated notes

Levels and vault maps discovered:
D:1:      sevenhm_arrival_forest_fort_large_4, layout_basic,
          basic_ecumenical_altar
D:2:      layout_basic
D:3:      layout_loops_cross, fedhas_altar_fruit_tree, mainiacjoe_overflow_paths

Skill      XL: |  1  2  3  4 |
---------------+-------------+-----
Necromancy     | 5 |  5.3
Invocations    | 1 2 |  2.0
Dodging        | |  1.5
Stealth        | |  3.0
Spellcasting   | |  2.0

Action                     |  1- 3 |  4- 6 || total
---------------------------+-------+-------++-------
  Melee: Unarmed           |       |     6 ||     6
   Fire: Sling             |    97 |    53 ||   150
   Cast: Necrotise         |     5 |       ||     5
         Animate Dead      |       |     4 ||     4
Ability: Spit Poison       |       |     1 ||     1
    Use: Potion            |       |     4 ||     4
 Armour: Robe              |    33 |    37 ||    70
  Dodge: Dodged            |    25 |    22 ||    47
  Block: Other             |       |     2 ||     2
